 Dungeon Crawl Stone Soup version 0.26-a0-682-g294304f6e8 (webtiles) character file.

Game seed: 9901796708314747395

171 lunkers the Insei (level 5, -1/40 HPs)
             Began as a Draconian Transmuter on Oct 20, 2020.
             Slain by an orc priest
             ... wielding a +0 hand axe
              (6 damage)
             ... on level 3 of the Dungeon.
             The game lasted 00:03:48 (2193 turns).

lunkers the Insei (Draconian Transmuter)            Turns: 2193, Time: 00:03:49

Health: -1/40      AC:  2    Str: 12    XL:     5   Next: 26%
Magic:  2/8        EV: 19    Int: 14    God:
Gold:   69         SH:  0    Dex: 17    Spells: 4/8 levels left

rFire    . . .     SeeInvis .     - Unarmed
rCold    . . .     Faith    .   (shield currently unavailable)
rNeg     . . .     Spirit   .   (armour unavailable)
rPois    x         Reflect  .   (helmet currently unavailable)
rElec    .         Harm     .   (cloak currently unavailable)
rCorr    .         Rampage  .   (gloves currently unavailable)
MR       .....     Rnd*Tele +   (boots currently unavailable)
Stlth    ++........             (no amulet)
HPRegen  0.13/turn              h - ring of teleportation (curse)
MPRegen  0.11/turn              (no ring)

@: spider-form, very slightly contaminated
A: tiny, unfitting armour, AC +5
a: End Transformation


You were on level 3 of the Dungeon.
You were a venomous arachnid creature.
You visited 1 branch of the dungeon, and saw 3 of its levels.

You collected 69 gold pieces.

Inventory:

Jewellery
 h - a cursed ring of teleportation (left front leg)
Scrolls
 a - a scroll of remove curse {unknown}
 d - a scroll of magic mapping {unknown}
 f - a scroll of identify
 i - a scroll of blinking {unknown}
Potions
 b - a potion of heal wounds
 c - a potion of curing
 e - a potion of cancellation
 g - a potion of brilliance {unknown}
 j - a potion of mutation {unknown}


   Skills:
 - Level 1.1 Fighting
 - Level 1.7 Dodging
 + Level 4.7 Unarmed Combat
 - Level 2.0 Spellcasting
 + Level 4.1 Transmutations


You had 4 spell levels left.
You knew the following spells:

 Your Spells              Type           Power        Failure   Level
c - Spider Form           Tmut/Pois      #.........   52%         3
p - Beastly Appendage     Tmut           ##....       13%         1

Your spell library contained the following spells:

 Spells                   Type           Power        Failure   Level
 Wereblood                Tmut           ##......     19%         2
 Ice Form                 Ice/Tmut       #.......     87%         4
 Blade Hands              Tmut           ##........   90%         5


Dungeon Overview and Level Annotations

Branches:
Dungeon (3/15)

Altars:


Innate Abilities, Weirdness & Mutations

((Your plain brown scales are hard. (AC +5)))
You cannot fit into any form of body armour.
((You are cold-blooded and may be slowed by cold attacks.))


Message History

The orc priest invokes the aid of Beogh against you.
Beogh smites you!
* * * LOW HITPOINT WARNING * * *
The orc completely misses you. The orc misses you.
You hear a shout!
Things that are here:
a +0 club; a +0 ring mail; an orc corpse You hit the orc priest.
The orc priest is poisoned.
The orc priest is moderately wounded.
You kill the orc!
The orc hits you with a +0 club.
* * * LOW HITPOINT WARNING * * *
The orc priest hits you with a +0 hand axe.
* * * LOW HITPOINT WARNING * * *
You barely miss the orc priest.
The orc priest is moderately wounded.
The orc completely misses you. The orc barely misses you.
The orc closely misses you.
The orc priest hits you with a +0 hand axe.
You die...

....)............#...#......#
....)............#.###...##.#
...Sgo.....$.......###...# ..
............#............
###......................
#....##### #.#.........
...... #........... .......
#o)o....... .........
#.so....... ..# #o#######+#
.....##.## .........#
....o..#.# ####+# ..#....#o#
....... .#....#o##.......
................
.................


You could see an orc priest (very poisoned) and 3 orcs.

Vanquished Creatures
  Terence (D:3)
  4 gnolls
  3 adders
  2 worms
  6 dart slugs
  2 leopard geckos (D:2)
  5 orcs (D:3)
  A ball python (D:2)
  3 giant cockroaches
  7 goblins
  6 hobgoblins
  5 bats
  2 frilled lizards (D:2)
  4 kobolds
  9 rats
60 creatures vanquished.

Notes
Turn   | Place    | Note
-------+----------+-------------------------------------------
     0 | D:1      | lunkers the Draconian Transmuter began the quest for the
                  | Orb.
     0 | D:1      | Reached XP level 1. HP: 16/16 MP: 3/3
    84 | D:1      | Reached XP level 2. HP: 10/23 MP: 5/5
   663 | D:1      | Reached XP level 3. HP: 28/28 MP: 4/6
  1326 | D:2      | Reached XP level 4. HP: 32/35 MP: 5/7
  1335 | D:1      | Learned a level 3 spell: Spider Form
  2067 | D:3      | Reached XP level 5. HP: 30/40 MP: 8/8
  2148 | D:3      | Noticed Terence
  2156 | D:3      | Killed Terence
  2193 | D:3      | Slain by an orc priest

Illustrated notes

Levels and vault maps discovered:
D:1:      dpeg_arrival_stonehenge_8_columns, layout_basic,
          minmay_misc_feat_roman
D:2:      layout_loops_ring
D:3:      layout_basic, uniq_sigmund, uniq_terence

Skill      XL: |  1  2  3  4  5 |
---------------+----------------+-----
Transmutations | 3 4 |  4.1
Unarmed Combat | 4 |  4.7
Fighting       | |  1.1
Dodging        | |  1.7
Spellcasting   | |  2.0

Action                   |  1- 3 |  4- 6 || total
-------------------------+-------+-------++-------
Melee: Unarmed           |    95 |    75 ||   170
       Kick              |    20 |       ||    20
       Headbutt          |    17 |       ||    17
       Tailslap          |     9 |     3 ||    12
 Cast: Beastly Appendage |    29 |       ||    29
       Spider Form       |       |     6 ||     6
  Use: Scroll            |     6 |       ||     6
 Stab: Sleeping          |     1 |       ||     1
Armor: Skin              |    29 |    11 ||    40
Dodge: Dodged            |    55 |    64 ||   119

Table legend: (Time is in decaauts)
 A = Elapsed time spent in this place.
 B = Non-inter-level travel time spent in this place.
 C = Inter-level travel time spent in this place.
 D = Time resting spent in this place.
 E = Time spent auto-exploring this place.
 F = Levels seen in this place.
 G = Mean time per level.
                   A        B        C        D        E       F      G
               +--------+--------+--------+--------+--------+-----+--------+
         Total |   2181 |   2119 |     62 |    311 |   1405 |   3 |  727.0 |
       Dungeon |   2181 |   2119 |     62 |    311 |   1405 |   3 |  727.0 |
               +--------+--------+--------+--------+--------+-----+--------+

Top non-repeatable levels by time:
     D:1: 1285 daAuts
     D:2: 734 daAuts
     D:3: 161 daAuts
